Map: New Repugnancy LE

Players

TiPtOP - Winner!

  • Race: Terran Terran
  • Spawn Location: 7:00

VOD

Have the link to the VOD?

Description

Time

  • Played on: Aug. 12, 2019, 9:06 a.m.
  • Length: 18:10
Show
View Real Time Build Order
Export as new Build Order

TiPtOP Terran - Winner!

Build Orders:  

Get SALT Encoding   

  12  0:01  SCV  
  13  0:18  SCV  
  14  0:28  Supply Depot  
  14  0:35  SCV  
  15  0:58  SCV  
  16  1:01  Barracks  
  16  1:04  Refinery  
  16  1:16  SCV  
  17  1:33  SCV  
  18  2:08  Barracks Reactor  
  18  2:15  Barracks  
  18  2:25  SCV  
  19  2:35  Command Center  
  19  2:47  SCV  
  20  3:01  Marine x2  
  20  3:06  SCV  
  23  3:26  Supply Depot  
  22  3:33  Barracks Tech Lab  
  22  3:40  Orbital Command  
  22  4:01  Marine x2  
  22  4:02  Barracks  
  24  4:17  SCV  
  25  4:25  SCV  
  26  4:34  Marine x2  
  26  4:36  Marauder  
  30  4:55  SCV  
  30  4:57  SCV  
  32  5:16  SCV  
  32  5:17  Supply Depot  
  32  5:18  Barracks Reactor  
  33  5:21  Stimpack  
  33  5:25  Marine x2, Marauder  
  37  5:45  Refinery, Factory, SCV  
  37  5:49  Supply Depot  
  38  5:55  Marine  
  38  5:56  Marine, Marauder  
  42  6:02  SCV  
  42  6:05  SCV  
  44  6:19  SCV  
  45  6:22  SCV  
  45  6:23  Marine  
  45  6:24  Marine  
  45  6:27  Marauder  
  45  6:28  Marine x2  
  52  6:36  SCV  
  52  6:39  SCV  
  54  6:52  Supply Depot  
  54  6:53  Factory Reactor  
  54  6:56  SCV  
  55  7:00  Starport  
  55  7:05  SCV  
  56  7:10  Marine  
  56  7:11  Marine, Marauder  
  56  7:12  Marine  
  56  7:19  Orbital Command  
  61  7:22  SCV  
  61  7:24  Supply Depot  
  62  7:58  Supply Depot  
  62  8:21  Factory Tech Lab  
  62  8:27  SCV x2  
  64  8:34  Refinery  
  64  8:36  Medivac x2  
  68  8:51  Siege Tank  
  71  9:04  SCV x2  
  73  9:25  Supply Depot  
  73  9:26  Marine x2  
  73  9:27  Marine x2  
  73  9:28  Marauder  
  79  9:32  Medivac x2  
  79  9:36  Siege Tank  
  86  9:58  Supply Depot  
  86  10:29  Supply Depot  
  86  10:32  Siege Tank  
  86  10:36  Marine x2  
  86  10:37  Marine  
  86  10:38  Marine, Marauder  
  95  10:52  Siege Tank x2  
  95  10:53  SCV  
  96  11:01  Marine x2  
  96  11:02  Marine  
  96  11:03  Marine  
  96  11:08  Engineering Bay, Marauder  
  102  11:10  SCV  
  102  11:11  Supply Depot  
  103  11:20  Siege Tank  
  103  11:26  Marine x2  
  103  11:27  Marine  
  109  11:41  Marauder  
  109  11:42  Supply Depot  
  111  11:52  Terran Infantry Weapons Level 1  
  111  11:57  Supply Depot  
  111  12:03  Marine x2  
  111  12:04  Marine x2  
  111  12:06  Siege Tank  
  118  12:12  Marauder  
  118  12:14  Supply Depot  
  120  12:31  Marine x2  
  120  12:32  Marine x2  
  124  12:42  Marauder  
  126  12:50  Supply Depot  
  126  12:51  Siege Tank  
  129  13:09  Siege Tank x3  
  125  13:12  Unknown, Marauder  
  127  13:22  Supply Depot  
  121  13:45  Siege Tank  
  121  13:47  Siege Tank  
  116  13:55  Supply Depot  
  116  14:09  Siege Tank  
  116  14:16  Marine x4  
  116  14:17  Marine  
  121  14:26  Supply Depot  
  121  14:41  Marine x2  
  121  14:42  Marauder  
  125  14:51  Siege Tank  
  125  14:56  Siege Tank  
  125  14:57  Supply Depot  
  125  14:58  Siege Tank  
  125  15:09  Siege Tank  
  125  15:11  Marauder  
  125  15:25  Siege Tank x2  
  125  15:29  Supply Depot  
  125  15:41  Marauder  
  125  15:45  Siege Tank  
  125  15:47  Siege Tank  
  121  16:10  Command Center  
  121  16:13  Siege Tank  
  121  16:14  Siege Tank  
  121  16:16  Siege Tank  
  121  16:19  Siege Tank  
  124  16:22  Medivac x2  
  124  16:23  Marine  
  124  16:24  Marine x4  
  133  16:48  Marine  
  133  16:49  Marauder  
  136  16:59  Siege Tank x2  
  135  17:04  Siege Tank  
  138  17:14  Marine x2  
  138  17:15  Marine  
  138  17:19  Marauder  
Tags
 
Add a new tag
Caveats
  • Supply blocks, unpowered buildings, or Contaminate may cause inaccurate times.
  • Supply counts are checked every 10 seconds.